 Dungeon Crawl Stone Soup version 0.25-a0-1133-g93ebf739aa (webtiles) character file.

Game seed: 982879778306485341, levelgen mode: deterministic

573914 MisterFreud the Omniscient (level 27, 0/309 HPs)
             Began as a Gnoll Fighter on May 20, 2020.
             Was the Champion of Ashenzari.
             Slain by a shambling mangrove (12 damage)
             ... on level 3 of the Abyss.
             The game lasted 03:01:48 (70909 turns).

MisterFreud the Omniscient (Gnoll Fighter)         Turns: 70909, Time: 03:01:49

Health: 0/309      AC: 33    Str: 21    XL:     27
Magic:  29/39      EV: 21    Int: 28    God:    Ashenzari [******]
Gold:   5534       SH: 22    Dex: 15    Spells: 24/60 levels left

rFire    . . .     SeeInvis +   u - +9 demon trident (vamp) (curse)
rCold    . . .     Gourm    .   c - +1 kite shield (curse)
rNeg     + . .     Faith    .   (armour currently unavailable)
rPois    ∞         Spirit   .   R - +2 helmet (curse)
rElec    +         Reflect  +   Q - +0 cloak (curse)
rCorr    .         Harm     .   (gloves currently unavailable)
MR       ++++.     Clarity  +   (boots currently unavailable)
Stlth    +++.......             p - amulet of reflection (curse)
HPRegen  0.61/turn              J - +6 ring of intelligence (curse)
MPRegen  0.26/turn              n - ring of the Mage {Wiz MR++ Int+3} (curse)

@: statue-form, grasped by roots, contaminated, slowed, glowing, constricted,
studying Axes, lightly drained, invisible (but backlit and visible), very slow
A: distributed training, fangs 1, camouflage 1, [clumsy 1], deterioration 1,
[low mp 1], sense surroundings 1, robust 1, strong nose
}: 3/15 runes: decaying, silver, gossamer
a: End Transformation, Curse Item, Scrying, Renounce Religion


You were on level 3 of the Abyss.
You worshipped Ashenzari.
Ashenzari was exalted by your worship.
You were hungry.
You were a stone statue.
You visited 9 branches of the dungeon, and saw 45 of its levels.
You visited the Abyss 3 times.
You also visited: Bailey, Ice Cave and Volcano.

You collected 6748 gold pieces.
You spent 1214 gold pieces at shops.

Inventory:

Hand Weapons
 u - a cursed +9 vampiric demon trident (weapon)
 U - a +4 demon whip
Missiles
 w - 41 boomerangs (quivered)
 B - 35 javelins
Armour
 c - a cursed +1 kite shield (worn)
 i - a cursed +0 pair of boots (melded)
 K - a cursed +0 pair of gloves (melded)
 Q - a cursed +0 cloak (worn)
 R - a cursed +2 helmet (worn)
 S - cursed +12 gold dragon scales (melded)
Jewellery
 n - the cursed ring of the Mage (right hand) {Wiz MR++ Int+3}
   (You took it off a yaktaur on level 5 of the Vaults)

   [ring of wizardry]

   It improves your spell success rate.
   It affects your intelligence (+3).
   It affects your resistance to hostile enchantments.
   It has a curse placed upon it.
 p - a cursed amulet of reflection (around neck)
 r - an uncursed ring of protection from magic
 J - a cursed +6 ring of intelligence (left hand)
Wands
 j - a wand of digging (31)
 s - a wand of paralysis (32)
 z - a wand of clouds (6)
 C - a wand of iceblast (36)
 I - a wand of acid (19)
 L - a wand of polymorph (67)
 N - a wand of disintegration (54)
 O - a wand of enslavement (6)
Scrolls
 b - 9 scrolls of amnesia
 d - 6 scrolls of fog
 e - 30 scrolls of identify
 o - 7 scrolls of remove curse
 q - 7 scrolls of magic mapping
 t - 3 scrolls of fear
 x - 6 scrolls of blinking
 V - 2 scrolls of silence
 W - a scroll of brand weapon
 X - 5 scrolls of summoning
 Y - 11 scrolls of teleportation
Potions
 g - 6 potions of haste
 k - 5 potions of might
 l - 11 potions of brilliance
 m - 6 potions of heal wounds
 v - 2 potions of cancellation
 y - 3 potions of magic
 A - 18 potions of curing
 D - 5 potions of invisibility
 G - 7 potions of ambrosia
 M - 4 potions of mutation
 P - 3 potions of flight
 T - 5 potions of resistance
Books
 F - a manual of Axes
Miscellaneous
 a - a lightning rod (4/4)
 h - a phial of floods
 E - 3 phantom mirrors
 H - 5 boxes of beasts
 Z - a tin of tremorstones (3/3)
Comestibles
 f - 65 rations


   Skills:
 + Level 17.9(17.7) Fighting
 + Level 17.4(17.2) Short Blades
 + Level 17.0(16.8) Long Blades
 + Level 17.3(17.1) Axes
 + Level 17.0(16.8) Maces & Flails
 + Level 17.0(20.6) Polearms
 + Level 17.0(16.8) Staves
 + Level 17.0(16.8) Slings
 + Level 17.0(16.8) Bows
 + Level 17.0(16.8) Crossbows
 + Level 17.0(16.8) Throwing
 + Level 17.9(22.6) Armour
 + Level 17.0(16.8) Dodging
 + Level 17.0(16.8) Stealth
 + Level 17.9(20.0) Shields
 + Level 17.0(16.8) Unarmed Combat
 + Level 17.0(16.8) Spellcasting
 + Level 14.6(18.4) Conjurations
 + Level 14.6(18.4) Hexes
 + Level 14.6(18.4) Charms
 + Level 14.6(18.4) Summonings
 + Level 14.6(18.4) Necromancy
 + Level 14.6(18.4) Translocations
 + Level 14.6(18.4) Transmutations
 + Level 14.6(18.4) Fire Magic
 + Level 14.6(18.4) Ice Magic
 + Level 14.6(18.4) Air Magic
 + Level 14.6(18.4) Earth Magic
 + Level 14.6(18.4) Poison Magic
 + Level 18.3(18.1) Invocations
 + Level 17.0(20.6) Evocations


You had 24 spell levels left.
You knew the following spells:

 Your Spells              Type           Power        Failure   Level  Hunger
a - Statue Form           Tmut/Erth      #######..    1%          6    ###....
b - Irradiate             Conj/Tmut      #######...   1%          5    None
c - Invisibility          Hex            #######.     1%          6    ###....
d - Tukima's Dance        Hex            #######.     0%          3    None
e - Apportation           Tloc           ######       0%          1    None
f - Blink                 Tloc           N/A          0%          2    None
g - Borgnjor's Vile Clut  Necr/Erth      #######...   1%          5    None
h - Controlled Blink      Tloc           N/A          2%          8    ######.

Your spell library contained the following spells:

 Spells                   Type           Power        Failure   Level  Hunger
 Animate Skeleton         Necr           N/A          0%          1    None
 Beastly Appendage        Tmut           ######       0%          1    None
 Corona                   Hex            #######      0%          1    None
 Freeze                   Ice            ####         0%          1    None
 Magic Dart               Conj           ####         0%          1    None
 Pain                     Necr           ####         0%          1    None
 Shock                    Conj/Air       ####         0%          1    None
 Sting                    Tmut/Pois      ####         0%          1    None
 Summon Butterflies       Summ           #######.     0%          1    None
 Summon Small Mammal      Summ           ####         0%          1    None
 Corpse Rot               Necr/Air       N/A          0%          2    None
 Passwall                 Tmut/Erth      #######.     0%          2    None
 Poisonous Vapours        Pois/Air       ######       0%          2    None
 Searing Ray              Conj           ######       0%          2    None
 Shroud of Golubria       Chrm/Tloc      ######       0%          2    None
 Sublimation of Blood     Necr           #######...   0%          2    None
 Swiftness                Chrm/Air       #######.     0%          2    None
 Call Canine Familiar     Summ           #######.     0%          3    None
 Confusing Touch          Hex            #######.     0%          3    None
 Conjure Flame            Conj/Fire      #######.     0%          3    None
 Dazzling Flash           Conj/Hex       ######       0%          3    None
 Frozen Ramparts          Ice            ######       0%          3    None
 Gell's Gravitas          Tloc           #######...   0%          3    None
 Ignite Poison            Fire/Tmut/Pois #######.     0%          3    None
 Lesser Beckoning         Tloc           #######...   0%          3    None
 Mephitic Cloud           Conj/Pois/Air  #######.     0%          3    None
 Ozocubu's Armour         Chrm/Ice       #######.     0%          3    None
 Portal Projectile        Hex/Tloc       ######       0%          3    None
 Recall                   Summ/Tloc      N/A          0%          3    None
 Stone Arrow              Conj/Erth      ######       0%          3    None
 Teleport Other           Tloc           #######.     0%          3    None
 Vampiric Draining        Necr           #######...   0%          3    None
 Airstrike                Air            #######...   0%          4    None
 Animate Dead             Necr           N/A          0%          4    None
 Fulminant Prism          Conj/Hex       #######...   0%          4    None
 Hailstorm                Conj/Ice       #######.     0%          4    None
 Ice Form                 Ice/Tmut       #######.     0%          4    None
 Iskenderun's Mystic Bla  Conj/Tloc      #######.     0%          4    None
 Leda's Liquefaction      Hex/Erth       #######...   0%          4    None
 Olgreb's Toxic Radiance  Pois           #######.     0%          4    None
 Passage of Golubria      Tloc           N/A          0%          4    None
 Petrify                  Tmut/Erth      #######.     0%          4    None
 Summon Ice Beast         Ice/Summ       #######.     0%          4    None
 Agony                    Necr           #######.     1%          5    None
 Alistair's Intoxication  Tmut/Pois      #######.     1%          5    None
 Lee's Rapid Deconstruct  Erth           #######...   1%          5    None
 Lightning Bolt           Conj/Air       #######...   1%          5    None
 Metabolic Englaciation   Hex/Ice        #######...   1%          5    None
 Summon Forest            Summ/Tloc      #######...   1%          5    None
 Summon Mana Viper        Hex/Summ       #######.     1%          5    None
 Yara's Violent Unravell  Hex/Tmut       #######...   1%          5    None
 Conjure Ball Lightning   Conj/Air       #######...   1%          6    ###....
 Darkness                 Hex            #######...   1%          6    ###....
 Death Channel            Necr           #######...   1%          6    ###....
 Dispersal                Tloc           #######...   1%          6    ###....
 Eringya's Noxious Bog    Tmut/Pois      #######...   1%          6    ###....
 Freezing Cloud           Conj/Ice/Air   #######...   1%          6    ###....
 Hydra Form               Tmut           #######...   1%          6    ###....
 Iron Shot                Conj/Erth      #######...   1%          6    ###....
 Simulacrum               Ice/Necr       #######...   1%          6    ###....
 Starburst                Conj/Fire      #######...   1%          6    ###....
 Dragon Form              Tmut           #######...   1%          7    #####..
 Ring of Flames           Chrm/Fire      #######...   1%          7    #####..
 Summon Hydra             Summ           #######...   1%          7    #####..
 Disjunction              Tloc           #######...   2%          8    ######.
 Tornado                  Air            #######...   38%         9    #######


Dungeon Overview and Level Annotations

Branches:
Dungeon (15/15)            Temple (1/1) D:5            Lair (6/6) D:9
  Swamp (4/4) Lair:3       Spider (4/4) Lair:3        Slime (0/5) Lair:6
    Orc (2/2) D:9             Elf (3/3) Orc:2        Vaults (5/5) D:14
  Crypt (0/3) Vaults:2     Depths (5/5) D:15            Zot (0/5) Depths:5
 Bailey (visited)           IceCv (visited)         Volcano (visited)

Altars:
Ashenzari
Cheibriados
Dithmenos
Elyvilon
Fedhas
Gozag
Hepliaklqana
Kikubaaqudgha
Makhleb
Nemelex Xobeh
Okawaru
Qazlal
Ru
Sif Muna
Trog
Uskayaw
Vehumet
Wu Jian
Xom
Yredelemnul
Zin
The Shining One
Jiyva

Shops:
D:9 =   Orc:2 [:*!   Elf:1 (   Elf:3 (   Vaults:4 }   Vaults:5 *   Depths:2 %
Depths:5 *%

Portals:
Hell: Depths:1 Depths:2 Depths:3 Depths:4 Depths:5
Abyss: Elf:3 Depths:1 Depths:2 Depths:4
Pandemonium: Depths:3 Depths:4
Ziggurat: Depths:2
Trove: D:11 (give +2 ice dragon scales)


Innate Abilities, Weirdness & Mutations

Your experience applies equally to all skills.
You have very sharp teeth.
Your uncanny sense of smell can sniff out nearby items.
((You are partially covered in icy blue scales. (AC +2)))
((You are partially covered in slimy green scales. (AC +2)))
((You are partially covered in thin metallic scales. (AC +2)))
Your skin changes colour to match your surroundings (Stealth+).
Your body sometimes deteriorates upon taking damage.
You passively map a small area around you.
You are robust. (+10% HP)
[You are clumsy. (Dex -2)]
[Your magical capacity is low. (-10% MP)]


Message History

Unknown command.
Unknown command.
You impale the raiju!! You bite the raiju, but do no damage.
The raiju is almost dead.
You hear a bark!
Your elder weirdox beast rages.
Your elder weirdox beast completely misses the raiju.
Your elder weirdox beast closely misses the raiju.
Your elder weirdox beast tramples the raiju!!
The raiju holds its ground!
The raiju dies!
The raiju bursts into living lightning!
The living lightning hits you. You resist.
* * * LOW HITPOINT WARNING * * *
The raiju blinks!
The raiju bursts into living lightning!
The living lightning misses your elder weirdox beast.
The living lightning hits you but does no damage.
You resist.
The raiju blinks!
You die...

, ,,, * , , ,, ** *
,,,, ,,. , .. * *
{# # * * , ..#,#,
*,, .#, * * , * *
,#. #.# ** {
.##,,*,,, ,*
#....,, ,*..... * ,
* , ∆ # .∆## ##§.
** ,,, *, ,, ., ,#
.. #h.## *, *,,, ,
, ,..#.####)†#, {,
*,* * ,
,#.....h8.†# * , ,
* * ,
,*,#....#HH†#.#*.#*
,, * * #.#*#..#..#
.,# * , , *
..#≈#.#.# ** ,, *≈≈
.§.≈≈ .#...,*., *,
, * ≈ #.f..≈≈≈..
#.# , ,,,* ,, **≈≈
≈≈≈ ≈≈≈≈..* ##*,,*
,, ≈≈ ≈≈≈≈≈≈≈≈∩##,,
# ** ,* ≈≈≈≈
≈≈≈≈≈≈,X , * ,*,* *


You could see a shambling mangrove, 2 raiju and 2 friendly mutant beasts.

Vanquished Creatures
  2 ancient liches
  6 caustic shrikes
  Saint Roka (Vaults:2)
  3 golden dragons
  7 liches
  Jorgrun (Spider:1)
  Rupert (D:13)
  7 tentacled monstrosities
  A Hell Sentinel (Elf:3)
  The ghost of Naugih the Spry, an adept SpEn of Kikubaaqudgha (Elf:3)
  2 titans
  2 deep elf master archers (Elf:3)
  5 deep elf blademasters
  A kraken (Abyss:3)
  7 sphinxes
  A thorn hunter (Swamp:3)
  Kirke (Swamp:1)
  Frances (D:14)
  8 tentacled starspawn
  8 shadow dragons
  4 storm dragons
  5 tengu reavers
  Roxanne (Swamp:3)
  10 frost giants
  6 ghost moths
  A daeva (Abyss:3)
  7 fire giants
  A balrug (Depths:1)
  3 orc warlords
  Aizul (Spider:1)
  2 iron dragons
  Louise (D:14)
  3 emperor scorpions
  A draconian stormcaller (Depths:5)
  17 vault wardens
  10 deep elf sorcerers
  The ghost of Elus the Devastator, a journeyman DrCj of Vehumet (D:13)
  An angel (Abyss:3)
  10 ironheart preservers
  3 spriggan defenders (Depths:4)
  A reaper (Abyss:3)
  4 deep elf elementalists
  2 war gargoyles (Vaults:5)
  2 vampire knights (Depths:4)
  12 entropy weavers
  Nessos (D:14)
  11 stone giants
  40 very ugly things
  12 deep elf demonologists
  A black draconian (Depths:5)
  9 deep elf annihilators
  Azrael (Spider:1)
  A lorocyproca (Depths:3)
  A white draconian (Depths:5)
  A yellow draconian (Abyss:3)
  2 purple draconians (Depths:5)
  11 spark wasps
  Snorg (D:12)
  A crystal guardian (Vaults:4)
  5 deep elf death magi
  2 green deaths (Swamp:4)
  Josephine (D:13)
  21 ettins
  A mummy priest (Depths:4)
  16 fire dragons
  15 yaktaur captains
  A great orb of eyes (shapeshifter) (Vaults:1)
  5 great orbs of eyes
  5 ice dragons
  10 deep elf high priests
  A monstrous demonspawn (Depths:3)
  6 rakshasas
  The ghost of Lanoc the Cruncher, a journeyman FoFi of Wu Jian (D:10)
  41 vault guards
  25 hydras
  A ghost crab (Abyss:3)
  A spriggan air mage (Depths:5)
  2 shambling mangroves (Swamp:2)
  A catoblepas (Lair:4)
  32 two-headed ogres
  30 dancing weapons
  7 centaur warriors
  A tengu warrior (Depths:1)
  10 deep troll shamans
  18 alligators
  6 death knights
  3 vampire magi
  A two-headed ogre (shapeshifter) (Elf:2)
  14 ogre magi
  3 deep troll earth magi
  A queen ant (Spider:3)
  2 orc high priests (Depths:4)
  6 thrashing horrors
  4 spriggan berserkers
  4 wretched stars
  2 sun demons (Depths:1)
  23 deep elf knights
  Sonja (D:13)
  2 soul eaters
  3 sixfirhies (Abyss:3)
  4 iron trolls
  3 hell knights (Abyss:1)
  3 skeletal warriors
  A deep troll (shapeshifter) (Abyss:3)
  A death drake (shapeshifter) (Elf:2)
  2 shadow wraiths
  A shadow demon (Abyss:3)
  2 spatial maelstroms (Abyss:3)
  An unseen horror (D:14)
  A torturous demonspawn (Depths:3)
  A spark wasp zombie (D:15)
  4 wizards
  A swamp dragon (shapeshifter) (Vaults:5)
  25 deep trolls
  25 deep elf archers
  2 flayed ghosts
  19 orb spiders
  10 swamp dragons
  An anaconda skeleton (Volcano)
  20 ironbrand convokers
  A shadow dragon zombie (Abyss:2)
  A tengu zombie (D:15)
  9 phantasmal warriors
  8 glowing orange brains
  64 deep elf magi
  3 necromancers
  A wolf spider zombie (Abyss:3)
  44 ugly things
  A harpy (Depths:2)
  18 large abominations
  29 wolf spiders
  23 orc knights
  2 orc sorcerers
  5 cyclopes
  A manticore (shapeshifter) (Vaults:2)
  2 salamanders (shapeshifter)
  A worldbinder (Elf:3)
  4 elephants
  2 iron dragon skeletons
  2 centaur zombies
  A cyclops (shapeshifter) (Depths:1)
  10 black mambas
  A moth of wrath (Spider:2)
  A guardian serpent (Lair:6)
  6 ice statues
  16 vault sentinels
  A fire giant skeleton (Vaults:4)
  7 manticores
  4 smoke demons
  3 orange demons
  A rust devil (Depths:3)
  A guardian serpent (shapeshifter) (Vaults:4)
  A frost giant skeleton (Abyss:2)
  24 spiny frogs
  7 gargoyles
  2 torpor snails
  7 centaur skeletons
  2 apocalypse crabs
  3 rime drakes
  A hellion (Abyss:3)
  8 freezing wraiths
  4 demonic crawlers
  A human zombie (Vaults:4)
  63 yaktaurs
  6 kobold demonologists
  3 anaconda simulacra (IceCv)
  5 komodo dragons
  A yaktaur skeleton (Vaults:4)
  2 tormentors
  A guardian mummy (D:15)
  37 jumping spiders
  5 trolls
  2 ancient zymes
  2 ice devils
  A tengu simulacrum (Vaults:3)
  A jumping spider (shapeshifter) (Depths:3)
  A polar bear (shapeshifter) (Depths:1)
  26 hornets
  A polar bear (Lair:5)
  A meliai (shapeshifter) (Vaults:4)
  A troll (shapeshifter) (Vaults:1)
  13 tyrant leeches
  2 hornets (shapeshifter)
  2 dream sheep (shapeshifter)
  A harpy skeleton (Volcano)
  7 hippogriffs
  10 raiju
  27 blink frogs
  41 slime creatures
  11 bog bodies
  A meliai zombie (D:15)
  13 flying skulls
  Sigmund (D:3)
  6 ynoxinuls
  26 tarantellas
  3 air elementals
  A redback (shapeshifter) (Vaults:5)
  7 shadows
  11 wyverns
  A basilisk (shapeshifter) (Vaults:3)
  79 redbacks
  6 spriggans
  8 wraiths
  6 fire elementals
  A yak (shapeshifter) (Vaults:2)
  45 yaks
  An alligator skeleton (Volcano)
  18 small abominations
  A human (shapeshifter) (D:14)
  A vampire (D:13)
  6 golden eyes (Abyss:3)
  A hog (shapeshifter) (Vaults:1)
  12 water elementals
  4 fire bats
  A golden eye (shapeshifter) (Vaults:3)
  A hog (Swamp:1)
  2 hungry ghosts
  5 chaos spawn
  20 vampire mosquitoes
  3 basilisks
  4 neqoxecs
  A steam dragon (D:9)
  5 spatial vortices
  11 swamp worms
  3 iron troll simulacra (IceCv)
  6 wargs
  3 soldier ants (Spider:3)
  4 insubstantial wisps (Swamp:2)
  2 harpy simulacra (IceCv)
  A hydra simulacrum (IceCv)
  A porcupine (shapeshifter) (Depths:4)
  An acid dragon (D:13)
  A floating eye (Depths:4)
  7 hell hounds
  A human skeleton (D:15)
  10 swamp drakes
  35 orc warriors
  10 porcupines
  10 ice beasts
  22 water moccasins
  2 eyes of draining
  2 sky beasts
  2 black bears
  A black bear (shapeshifter) (Depths:5)
  A necrophage (D:15)
  6 boggarts
  57 ogres
  21 centaurs
  8 wolves
  25 crocodiles
  25 bullfrogs
  A gnoll sergeant (D:8)
  An earth elemental (Elf:2)
  A wyvern zombie (D:3)
  5 scorpions
  5 killer bees (D:13)
  4 spriggan skeletons
  4 electric eels
  A howler monkey (D:6)
  2 bullfrog zombies
  38 starcursed masses
  3 jellies
  3 quasits
  8 crimson imps
  4 bullfrog skeletons
  22 orc priests
  7 hounds
  21 orc wizards
  4 iron imps
  Natasha (twice) (D:4)
  5 iguanas
  10 worker ants
  A hound skeleton (D:8)
  2 worker ant zombies
  20 adders
  15 gnolls
  6 shadow imps
  3 white imps
  2 ufetubi (Depths:3)
  3 adder skeletons
  2 worms (D:3)
  A dart slug (D:4)
  7 leopard geckos
  102 orcs
  A ball python (D:2)
  4 giant cockroaches
  7 goblins
  4 hobgoblins
  9 jackals
  A quokka (D:2)
  2 bats
  4 frilled lizards
  A giant cockroach zombie (D:3)
  A jackal skeleton (D:4)
  7 kobolds
  A leopard gecko skeleton (D:5)
  4 rats
  3 crawling corpses (Elf:3)
  6 starspawn tentacles
  4 tentacles (Abyss:3)
2288 creatures vanquished.

Vanquished Creatures (collateral kills)
  A tentacled monstrosity (Abyss:3)
  4 raiju (Abyss:3)
  A starcursed mass (Abyss:3)
6 creatures vanquished.

Vanquished Creatures (others)
  Boris (Vaults:2)
  2 dancing weapons
  A fire crab (Abyss:3)
  An ugly thing (Swamp:4)
  2 deep elf magi
  A komodo dragon (Swamp:4)
  A kobold demonologist (D:14)
  An ancient zyme (Abyss:3)
  A flying skull (Volcano)
  An air elemental (Elf:2)
  A human (Swamp:1)
  A swamp worm (Swamp:4)
  A swamp drake (Swamp:4)
  An orc warrior (Vaults:3)
  An eye of draining (Abyss:3)
  A small abomination (Abyss:3)
  23 fungi
  A lurking horror (Abyss:3)
  32 plants
  16 starspawn tentacles
  5 tentacles (Abyss:3)
  A withered plant (D:15)
96 creatures vanquished.

Grand Total: 2390 creatures vanquished

Notes
Turn   | Place    | Note
-------+----------+-------------------------------------------
     0 | D:1      | MisterFreud the Gnoll Fighter began the quest for the Orb.
     0 | D:1      | Reached XP level 1. HP: 23/23 MP: 1/1
   851 | D:2      | Found a shadowy altar of Dithmenos.
   990 | D:2      | Reached XP level 2. HP: 29/29 MP: 2/2
  1107 | D:2      | Reached XP level 3. HP: 35/35 MP: 3/3
  1312 | D:2      | Found a faded altar of an unknown god.
  1785 | D:3      | Reached skill level 1 in Invocations
  1905 | D:3      | Reached skill level 1 in Long Blades
  1905 | D:3      | Reached skill level 1 in Axes
  1905 | D:3      | Reached skill level 1 in Maces & Flails
  1905 | D:3      | Reached skill level 1 in Polearms
  1905 | D:3      | Reached skill level 1 in Staves
  1905 | D:3      | Reached skill level 1 in Slings
  1905 | D:3      | Reached skill level 1 in Bows
  1905 | D:3      | Reached skill level 1 in Crossbows
  1905 | D:3      | Reached skill level 1 in Throwing
  1905 | D:3      | Reached skill level 1 in Dodging
  1905 | D:3      | Reached skill level 1 in Stealth
  1905 | D:3      | Reached skill level 1 in Unarmed Combat
  1905 | D:3      | Reached skill level 1 in Spellcasting
  1905 | D:3      | Reached skill level 1 in Evocations
  1912 | D:3      | Reached XP level 4. HP: 41/41 MP: 5/5
  2104 | D:3      | Noticed Sigmund
  2113 | D:4      | Reached skill level 1 in Conjurations
  2113 | D:4      | Reached skill level 1 in Hexes
  2113 | D:4      | Reached skill level 1 in Charms
  2113 | D:4      | Reached skill level 1 in Summonings
  2113 | D:4      | Reached skill level 1 in Necromancy
  2113 | D:4      | Reached skill level 1 in Translocations
  2113 | D:4      | Reached skill level 1 in Transmutations
  2113 | D:4      | Reached skill level 1 in Fire Magic
  2113 | D:4      | Reached skill level 1 in Ice Magic
  2113 | D:4      | Reached skill level 1 in Air Magic
  2113 | D:4      | Reached skill level 1 in Earth Magic
  2113 | D:4      | Reached skill level 1 in Poison Magic
  2419 | D:4      | Reached XP level 5. HP: 30/47 MP: 6/6
  2588 | D:4      | Noticed an ogre
  2608 | D:4      | Killed an ogre
  2627 | D:4      | HP: 1/47 [bullfrog skeleton (2)]
  2635 | D:4      | Reached skill level 2 in Invocations
  2635 | D:4      | Reached XP level 6. HP: 21/53 MP: 8/8
  2993 | D:4      | Found an iron altar of Okawaru.
  3003 | D:4      | Reached skill level 5 in Short Blades
  3130 | D:4      | Reached XP level 7. HP: 56/59 MP: 10/10
  3627 | D:3      | Killed Sigmund
  3794 | D:3      | Found a stormy altar of Qazlal.
  3989 | D:4      | Noticed Natasha
  4000 | D:4      | Killed Natasha
  4179 | D:4      | Noticed Natasha
  4195 | D:4      | Killed Natasha
  4195 | D:4      | Reached skill level 3 in Invocations
  4272 | D:4      | Found an ancient bone altar of Kikubaaqudgha.
  4272 | D:4      | Found a shimmering blue altar of Sif Muna.
  4274 | D:4      | Found a radiant altar of Vehumet.
  4278 | D:4      | Identified Vehumet's Reference Book on Arcane Weapons
  4598 | D:5      | Entered Level 5 of the Dungeon
  4645 | D:5      | Reached XP level 8. HP: 38/67 MP: 12/12
  5111 | D:5      | Found a staircase to the Ecumenical Temple.
  5128 | Temple   | Entered the Ecumenical Temple
  5874 | D:5      | Found a shattered altar of Ashenzari.
  5877 | D:5      | Found a burning altar of Makhleb.
  5883 | D:5      | Became a worshipper of Ashenzari the Shackled
  5903 | D:5      | Found a sacrificial altar of Ru.
  6100 | D:5      | Reached skill level 4 in Invocations
  6188 | D:5      | Reached XP level 9. HP: 72/72 MP: 14/14
  6338 | D:5      | Found an opulent altar of Gozag.
  6644 | D:6      | Reached * piety under Ashenzari
  6974 | D:6      | Found a blossoming altar of Fedhas.
  7198 | D:7      | Found a sparkling altar of Nemelex Xobeh.
  7812 | D:7      | Reached ** piety under Ashenzari
  8002 | D:8      | Noticed an ice statue
  8342 | D:8      | Found a hide-covered altar of Uskayaw.
  8856 | D:8      | Reached skill level 5 in Invocations
  9335 | D:9      | Reached XP level 10. HP: 26/80 MP: 15/17
  9426 | D:9      | Noticed a two-headed ogre
  9438 | D:9      | Killed a two-headed ogre
  9438 | D:9      | Reached skill level 5 in Long Blades
  9438 | D:9      | Reached skill level 5 in Axes
  9438 | D:9      | Reached skill level 5 in Maces & Flails
  9438 | D:9      | Reached skill level 5 in Polearms
  9438 | D:9      | Reached skill level 5 in Staves
  9438 | D:9      | Reached skill level 5 in Slings
  9438 | D:9      | Reached skill level 5 in Bows
  9438 | D:9      | Reached skill level 5 in Crossbows
  9438 | D:9      | Reached skill level 5 in Throwing
  9438 | D:9      | Reached skill level 5 in Dodging
  9438 | D:9      | Reached skill level 5 in Stealth
  9438 | D:9      | Reached skill level 5 in Unarmed Combat
  9438 | D:9      | Reached skill level 5 in Spellcasting
  9438 | D:9      | Reached skill level 5 in Evocations
  9584 | D:9      | Found a hazy altar of Hepliaklqana.
  9885 | D:9      | Found a stormy altar of Qazlal.
  9908 | D:9      | Found a staircase to the Orcish Mines.
  9968 | D:9      | Found a staircase to the Lair.
 10035 | D:9      | Reached *** piety under Ashenzari
 10362 | D:9      | Reached skill level 6 in Invocations
 10677 | D:9      | Found Tiekkiec's Jewellery Boutique.
 10787 | D:10     | Entered Level 10 of the Dungeon
 10948 | D:10     | Reached XP level 11. HP: 81/87 MP: 19/19
 11583 | D:10     | Found a runed translucent door.
 11584 | D:10     | Found a shimmering altar of Xom.
 11584 | D:10     | Noticed Lanoc's ghost (journeyman FoFi)
 11584 | D:10     | Noticed a +2 long sword of chaos
 12105 | D:11     | Found a portal to a secret trove of treasure.
 12142 | D:11     | Reached skill level 5 in Conjurations
 12142 | D:11     | Reached skill level 5 in Hexes
 12142 | D:11     | Reached skill level 5 in Charms
 12142 | D:11     | Reached skill level 5 in Summonings
 12142 | D:11     | Reached skill level 5 in Necromancy
 12142 | D:11     | Reached skill level 5 in Translocations
 12142 | D:11     | Reached skill level 5 in Transmutations
 12142 | D:11     | Reached skill level 5 in Fire Magic
 12142 | D:11     | Reached skill level 5 in Ice Magic
 12142 | D:11     | Reached skill level 5 in Air Magic
 12142 | D:11     | Reached skill level 5 in Earth Magic
 12142 | D:11     | Reached skill level 5 in Poison Magic
 12591 | D:11     | Noticed a cyclops
 12615 | D:11     | Killed a cyclops
 13334 | D:12     | Noticed a sixfirhy
 13341 | D:12     | Noticed a sixfirhy
 13356 | D:12     | Reached skill level 7 in Invocations
 13680 | D:12     | Noticed a brown ugly thing
 13708 | D:12     | Killed a brown ugly thing
 14137 | D:12     | Noticed a white ugly thing
 14306 | Lair:1   | Entered Level 1 of the Lair of Beasts
 14350 | Lair:1   | Found a dark tunnel.
 14362 | Volcano  | Entered a volcano
 14595 | Volcano  | Reached XP level 12. HP: 25/96 MP: 22/22
 15461 | Lair:1   | Noticed an eight-headed hydra
 15489 | Lair:1   | Killed an eight-headed hydra
 15726 | Lair:1   | Reached **** piety under Ashenzari
 15811 | Lair:1   | Reached skill level 8 in Invocations
 17662 | Lair:2   | Reached skill level 10 in Fighting
 17662 | Lair:2   | Reached skill level 10 in Armour
 17662 | Lair:2   | Reached skill level 10 in Shields
 18579 | Lair:3   | Found a shimmering blue altar of Sif Muna.
 18603 | Lair:3   | Reached XP level 13. HP: 103/103 MP: 24/24
 18932 | Lair:3   | Found a hole to the Spider Nest.
 19103 | Lair:3   | Found a staircase to the Swamp.
 19560 | Spider:1 | Entered Level 1 of the Spider Nest
 19679 | Lair:4   | Reached ***** piety under Ashenzari
 20640 | Lair:4   | Reached skill level 9 in Invocations
 22897 | Lair:6   | Entered Level 6 of the Lair of Beasts
 22911 | Lair:6   | Found a staircase to the Slime Pits.
 22911 | Lair:6   | Found a viscous altar of Jiyva.
 23528 | Lair:6   | Reached XP level 14. HP: 83/111 MP: 26/26
 24508 | Lair:6   | Reached skill level 10 in Short Blades
 24892 | Lair:6   | Paralysed by a hornet for 3 turns
 26252 | D:12     | Noticed Snorg
 26265 | D:12     | Killed Snorg
 26394 | D:13     | Noticed Rupert
 26394 | D:13     | Paralysed by Rupert for 2 turns
 26415 | D:13     | Killed Rupert
 26415 | D:13     | Reached skill level 10 in Invocations
 26609 | D:13     | Noticed Sonja
 26610 | D:13     | Killed Sonja
 26629 | D:13     | Found a flagged portal.
 26639 | Bailey   | Entered a bailey
 27410 | D:13     | Noticed Elus's ghost (journeyman DrCj)
 27418 | D:13     | Found a runed translucent door.
 27708 | D:13     | Noticed Josephine
 27725 | D:13     | Killed Josephine
 29079 | D:14     | Noticed Nessos
 29084 | D:14     | Killed Nessos
 29084 | D:14     | Reached XP level 15. HP: 119/119 MP: 28/28
 29865 | D:14     | Found a gate to the Vaults.
 30091 | D:14     | Reached ****** piety under Ashenzari
 30259 | D:14     | Noticed Louise
 30283 | D:14     | Killed Louise
 31197 | D:14     | Noticed Frances
 31222 | D:14     | Killed Frances
 31222 | D:14     | Reached skill level 10 in Long Blades
 31222 | D:14     | Reached skill level 10 in Axes
 31222 | D:14     | Reached skill level 10 in Maces & Flails
 31222 | D:14     | Reached skill level 10 in Polearms
 31222 | D:14     | Reached skill level 10 in Staves
 31222 | D:14     | Reached skill level 10 in Slings
 31222 | D:14     | Reached skill level 10 in Bows
 31222 | D:14     | Reached skill level 10 in Crossbows
 31222 | D:14     | Reached skill level 10 in Throwing
 31222 | D:14     | Reached skill level 10 in Dodging
 31222 | D:14     | Reached skill level 10 in Stealth
 31222 | D:14     | Reached skill level 10 in Unarmed Combat
 31222 | D:14     | Reached skill level 10 in Spellcasting
 31222 | D:14     | Reached skill level 10 in Evocations
 31446 | D:15     | Entered Level 15 of the Dungeon
 31886 | D:15     | Found a staircase to the Depths.
 32182 | D:15     | Reached skill level 11 in Invocations
 32669 | Orc:1    | Entered Level 1 of the Orcish Mines
 32854 | Orc:2    | Entered Level 2 of the Orcish Mines
 33282 | Orc:2    | Reached XP level 16. HP: 127/127 MP: 30/30
 33735 | Orc:2    | Found a staircase to the Elven Halls.
 34135 | Orc:2    | Found Soach's General Store.
 34135 | Orc:2    | Found Hetabyl's Antique Armour Boutique.
 34136 | Orc:2    | Found Kishrups's Distillery.
 34136 | Orc:2    | Found Xiochec's Book Emporium.
 34143 | Orc:2    | Bought a scroll of enchant weapon for 105 gold pieces
 34145 | Orc:2    | Bought a potion of heal wounds for 60 gold pieces
 34145 | Orc:2    | Bought a potion of stabbing for 48 gold pieces
 34145 | Orc:2    | Bought a potion of heal wounds for 60 gold pieces
 34145 | Orc:2    | Bought a potion of heal wounds for 60 gold pieces
 34145 | Orc:2    | Bought a potion of curing for 36 gold pieces
 34145 | Orc:2    | Bought a potion of curing for 36 gold pieces
 34147 | Orc:2    | Bought a crude robe for 153 gold pieces
 34157 | Orc:2    | Identified the +1 robe of Gravitas {rPois rCorr Dex+4} (You
                  | bought it in a shop on level 2 of the Orcish Mines)
 34157 | Orc:2    | Bought a pair of boots for 121 gold pieces
 34173 | Orc:2    | Learned a level 6 spell: Statue Form
 34360 | Spider:1 | Noticed Aizul
 34407 | Spider:1 | Killed Aizul
 34456 | Spider:1 | Noticed Azrael
 34472 | Spider:1 | Killed Azrael
 34615 | Spider:1 | Noticed Jorgrun
 34636 | Spider:1 | Killed Jorgrun
 36420 | Spider:2 | Reached XP level 17. HP: 135/135 MP: 14/32
 36691 | Spider:2 | Reached skill level 12 in Invocations
 38514 | Spider:4 | Entered Level 4 of the Spider Nest
 38924 | Spider:4 | Identified the +8 longbow of Eternal War {flame, Dex+4}
 39244 | Spider:4 | Learned a level 5 spell: Irradiate
 39251 | Spider:4 | Learned a level 6 spell: Invisibility
 39255 | Spider:4 | Learned a level 3 spell: Tukima's Dance
 39257 | Spider:4 | Learned a level 1 spell: Apportation
 39325 | Spider:4 | Learned a level 2 spell: Blink
 39650 | Spider:4 | Reached skill level 10 in Conjurations
 39650 | Spider:4 | Reached skill level 10 in Hexes
 39650 | Spider:4 | Reached skill level 10 in Charms
 39650 | Spider:4 | Reached skill level 10 in Summonings
 39650 | Spider:4 | Reached skill level 10 in Necromancy
 39650 | Spider:4 | Reached skill level 10 in Translocations
 39650 | Spider:4 | Reached skill level 10 in Transmutations
 39650 | Spider:4 | Reached skill level 10 in Fire Magic
 39650 | Spider:4 | Reached skill level 10 in Ice Magic
 39650 | Spider:4 | Reached skill level 10 in Air Magic
 39650 | Spider:4 | Reached skill level 10 in Earth Magic
 39650 | Spider:4 | Reached skill level 10 in Poison Magic
 39854 | Spider:4 | Got a gossamer rune of Zot
 40029 | Swamp:1  | Entered Level 1 of the Swamp
 40056 | Swamp:1  | Reached XP level 18. HP: 143/143 MP: 28/33
 40138 | Swamp:1  | Identified the +5 buckler of Curiosity {rC+ rN+ Str+4}
 40168 | Swamp:1  | Noticed Kirke
 40186 | Swamp:1  | Killed Kirke
 41718 | Swamp:3  | Noticed a tentacled monstrosity
 41734 | Swamp:3  | Killed a tentacled monstrosity
 41734 | Swamp:3  | Reached skill level 13 in Invocations
 42287 | Swamp:3  | Identified Roxanne's Almanac of Transmutation
 42287 | Swamp:3  | Noticed Roxanne
 42313 | Swamp:3  | Killed Roxanne
 43037 | Swamp:4  | Entered Level 4 of the Swamp
 43563 | Swamp:4  | Noticed a tentacled monstrosity
 43593 | Swamp:4  | Killed a tentacled monstrosity
 43610 | Swamp:4  | Reached XP level 19. HP: 151/151 MP: 35/35
 43948 | Swamp:4  | Got a decaying rune of Zot
 44720 | Vaults:1 | Entered Level 1 of the Vaults
 45641 | Vaults:1 | Learned a level 5 spell: Borgnjor's Vile Clutch
 46641 | Vaults:2 | Noticed Boris
 46653 | Vaults:2 | Killed Boris
 46929 | Vaults:2 | Noticed Saint Roka
 46954 | Vaults:2 | Killed Saint Roka
 47115 | Vaults:2 | Reached XP level 20. HP: 159/159 MP: 31/36
 47163 | Vaults:2 | Reached skill level 14 in Invocations
 47316 | Vaults:2 | Found a staircase to the Crypt.
 48769 | Vaults:3 | Identified a scroll of acquirement
 48771 | Vaults:3 | Got MisterFreud's Grimoire of Flight
 49965 | Vaults:4 | Reached XP level 21. HP: 166/166 MP: 28/38
 50366 | Vaults:4 | Found Uggiwor's Gadget Shoppe.
 50410 | Vaults:4 | Bought a box of beasts for 360 gold pieces
 50664 | Vaults:4 | Reached skill level 15 in Fighting
 50664 | Vaults:4 | Reached skill level 15 in Armour
 50664 | Vaults:4 | Reached skill level 15 in Shields
 51158 | Vaults:4 | Reached skill level 15 in Invocations
 51751 | Elf:1    | Entered Level 1 of the Elven Halls
 51801 | Elf:1    | Found a radiant altar of Vehumet.
 52088 | Elf:1    | Found Jasileff's Antique Weapon Shop.
 52997 | Elf:2    | Found a frozen archway.
 53023 | IceCv    | Entered an ice cave
 53183 | IceCv    | Reached XP level 22. HP: 175/175 MP: 35/40
 53784 | IceCv    | Identified the cursed +1 falchion of Midsummer {pain,
                  | *Corrode Str+2 Dex+3}
 54103 | Elf:2    | Found a runed translucent gate.
 54103 | Elf:2    | Found a runed translucent gate.
 54103 | Elf:2    | Found a runed translucent gate.
 55170 | Elf:3    | Entered Level 3 of the Elven Halls
 55269 | Elf:3    | Cast into level 2 of the Abyss (a deep elf sorcerer)
 55440 | Abyss:2  | Found a corrupted altar of Lugonu.
 55458 | Abyss:2  | Paralysed by accursed screaming for 2 turns
 55467 | Abyss:2  | Paralysed by accursed screaming for 2 turns
 55586 | Abyss:3  | Gained mutation: You tend to lose your temper in combat. [a
                  | neqoxec]
 55589 | Abyss:3  | Paralysed by accursed screaming for 1 turns
 55747 | Abyss:3  | Reached skill level 15 in Short Blades
 55912 | Elf:3    | Escaped the Abyss
 55979 | Elf:3    | Found a transporter.
 55981 | Elf:3    | Identified the +8 long sword "Hydraslayer" {distort,
                  | Fragile MP+9 Int+6}
 56036 | Elf:3    | Found Weixkic's Antique Weapon Shoppe.
 56056 | Elf:3    | Found a one-way gate to the infinite horrors of the Abyss.
 56056 | Elf:3    | Noticed Naugih's ghost (adept SpEn)
 56297 | Elf:3    | Found a transporter.
 56793 | Elf:3    | Reached XP level 23. HP: 183/183 MP: 19/41
 56954 | Elf:3    | Cast into level 4 of the Abyss (deep elf annihilator)
 56954 | Abyss:4  | Found a corrupted altar of Lugonu.
 56966 | Abyss:4  | Found a corrupted altar of Lugonu.
 56976 | Elf:3    | Escaped the Abyss
 57181 | Elf:3    | Identified the cursed +1 long sword of Hacking and Slashing
                  | {drain, rN+}
 57181 | Elf:3    | Identified the +3 broad axe of Ruem {venom, +Rage Int+5}
 57480 | Elf:1    | Lost mutation: You tend to lose your temper in combat.
                  | [potion of mutation]
 57480 | Elf:1    | Gained mutation: Your flesh is cold resistant. (rC+)
                  | [potion of mutation]
 57480 | Elf:1    | Gained mutation: You are occasionally teleported next to
                  | monsters. [potion of mutation]
 57480 | Elf:1    | Gained mutation: You occasionally shout uncontrollably at
                  | your foes. [potion of mutation]
 57480 | Elf:1    | Gained mutation: You are partially covered in thin metallic
                  | scales. (AC +2) [potion of mutation]
 57481 | Elf:1    | Lost mutation: You occasionally shout uncontrollably at
                  | your foes. [potion of mutation]
 57481 | Elf:1    | Lost mutation: Your flesh is cold resistant. (rC+) [potion
                  | of mutation]
 57481 | Elf:1    | Gained mutation: Your body sometimes deteriorates upon
                  | taking damage. [potion of mutation]
 57481 | Elf:1    | Gained mutation: You are resistant to hostile enchantments.
                  | (MR+) [potion of mutation]
 57482 | Elf:1    | Lost mutation: You are resistant to hostile enchantments.
                  | (MR+) [potion of mutation]
 57482 | Elf:1    | Lost mutation: Your body sometimes deteriorates upon taking
                  | damage. [potion of mutation]
 57482 | Elf:1    | Gained mutation: You are partially covered in slimy green
                  | scales. (AC +2) [potion of mutation]
 57482 | Elf:1    | Gained mutation: Your muscles are strong. (Str +2) [potion
                  | of mutation]
 57482 | Elf:1    | Gained mutation: You have sharp toenails. [potion of
                  | mutation]
 57482 | Elf:1    | Gained mutation: You passively map a small area around you.
                  | [potion of mutation]
 57483 | Elf:1    | Lost mutation: Your muscles are strong. (Str +2) [potion of
                  | mutation]
 57483 | Elf:1    | Lost mutation: You are occasionally teleported next to
                  | monsters. [potion of mutation]
 57483 | Elf:1    | Lost mutation: You have sharp toenails. [potion of
                  | mutation]
 57483 | Elf:1    | Gained mutation: Your skin changes colour to match your
                  | surroundings (Stealth+). [potion of mutation]
 57483 | Elf:1    | Gained mutation: You are partially covered in icy blue
                  | scales. (AC +2) [potion of mutation]
 57483 | Elf:1    | Gained mutation: You are robust. (+10% HP) [potion of
                  | mutation]
 58272 | D:10     | Killed Lanoc's ghost
 58374 | D:13     | Killed Elus's ghost
 58620 | Elf:3    | Killed Naugih's ghost
 59127 | Depths:1 | Entered Level 1 of the Depths
 59172 | Depths:1 | Reached skill level 16 in Invocations
 59361 | Depths:1 | Found a shattered altar of Ashenzari.
 59402 | Depths:1 | Found a gateway to Hell.
 60209 | Depths:1 | Reached skill level 15 in Long Blades
 60209 | Depths:1 | Reached skill level 15 in Axes
 60209 | Depths:1 | Reached skill level 15 in Maces & Flails
 60209 | Depths:1 | Reached skill level 15 in Polearms
 60209 | Depths:1 | Reached skill level 15 in Staves
 60209 | Depths:1 | Reached skill level 15 in Slings
 60209 | Depths:1 | Reached skill level 15 in Bows
 60209 | Depths:1 | Reached skill level 15 in Crossbows
 60209 | Depths:1 | Reached skill level 15 in Throwing
 60209 | Depths:1 | Reached skill level 15 in Dodging
 60209 | Depths:1 | Reached skill level 15 in Stealth
 60209 | Depths:1 | Reached skill level 15 in Unarmed Combat
 60209 | Depths:1 | Reached skill level 15 in Spellcasting
 60209 | Depths:1 | Reached skill level 15 in Evocations
 60623 | Depths:2 | Found Lymurr's Food Emporium.
 61183 | Depths:2 | Found a gateway to a ziggurat.
 61409 | Depths:2 | Reached XP level 24. HP: 210/210 MP: 40/42
 61653 | Depths:2 | Paralysed by a floating eye for 2 turns
 61925 | Depths:3 | Identified the +5 rapier "Uroqenud" {drain, rElec Int+4}
 61970 | Depths:3 | Found an iron altar of Okawaru.
 62006 | Depths:3 | Identified the +5 great sword "Menol" {holy, *Contam rN+
                  | Dex+4}
 62124 | Depths:3 | Found a one-way gate leading to the halls of Pandemonium.
 62268 | Depths:3 | Learned a level 8 spell: Controlled Blink
 63208 | Depths:4 | Noticed a caustic shrike
 63210 | Depths:4 | Noticed a caustic shrike
 63233 | Depths:4 | Killed a caustic shrike
 63265 | Depths:4 | Paralysed by a vampire knight for 6 turns
 63295 | Depths:4 | Killed a caustic shrike
 63461 | Depths:4 | Noticed a caustic shrike
 63480 | Depths:4 | Killed a caustic shrike
 63501 | Depths:4 | Reached skill level 17 in Invocations
 63673 | Depths:4 | Identified the +1 rapier "Loopy" {freeze, rC+ Int+3 Dex+4}
 63852 | Depths:4 | Found a shimmering blue altar of Sif Muna.
 63856 | Depths:4 | Identified the amulet "Cuce Jex" {RegenMP rC+ rN++ Int+2
                  | Slay-5}
 63880 | Depths:4 | Reached XP level 25. HP: 220/220 MP: 41/42
 64129 | Depths:4 | Gained mutation: Your body sometimes deteriorates upon
                  | taking damage. [a neqoxec]
 64559 | Depths:5 | Entered Level 5 of the Depths
 64589 | Depths:5 | Found Voasteoc's General Store.
 64595 | Depths:5 | Bought a scroll of fog for 52 gold pieces
 65135 | Depths:5 | Found Ryafani's Food Shop.
 65907 | Depths:5 | Found a gate to the Realm of Zot.
 66816 | Vaults:4 | You fall into a shaft and drop 1 floor!
 66816 | Vaults:5 | Entered Level 5 of the Vaults
 67578 | Vaults:5 | Noticed an ancient lich
 67593 | Vaults:5 | Killed an ancient lich
 67869 | Vaults:5 | Reached XP level 26. HP: 218/228 MP: 43/43
 67948 | Vaults:5 | Identified the Almanac of Fire and Snow
 67958 | Vaults:5 | Identified the amulet of Seumosmyph {Reflect rElec rF-
                  | Slay-3 SH+5 Stlth+}
 68508 | Vaults:5 | Found Siduf's Assorted Antiques.
 68516 | Vaults:5 | Bought a scroll of teleportation for 123 gold pieces
 68580 | Vaults:5 | Identified the +6 rapier of Optimality {elec, rN+}
 68760 | Vaults:5 | Got a silver rune of Zot
 68917 | Vaults:5 | Identified the ring of Quatsose {Ice Dex+3}
 69666 | Vaults:5 | Identified the Catalogue of Cloudy Stones
 69729 | Vaults:3 | Identified the cursed +1 ring mail of Limited Liability
                  | {rF+ Int-4 Dex+5 Stlth+} (You found it on level 10 of the
                  | Dungeon)
 69729 | Vaults:3 | Identified the +3 leather armour of Dawn {rC- Regen+ Str+6
                  | Slay-6} (You found it on level 3 of the Elven Halls)
 69729 | Vaults:3 | Identified the +4 scale mail of Nyanod {rCorr Str-2 Slay+2}
 69729 | Vaults:3 | Identified the +4 robe "Daon" {Dex+5 SInv Stlth-}
 69729 | Vaults:3 | Identified the +2 scale mail "Zinulep" {rElec Int+2}
 69949 | Depths:1 | Voluntarily entered the Abyss.
 69962 | Abyss:1  | Reached skill level 18 in Invocations
 69983 | Abyss:1  | Noticed an ancient lich
 70022 | Abyss:1  | Killed an ancient lich
 70295 | Abyss:2  | Found an iron altar of Okawaru.
 70676 | Abyss:3  | Paralysed by accursed screaming for 2 turns
 70836 | Abyss:3  | Paralysed by accursed screaming for 1 turns
 70841 | Abyss:3  | Reached XP level 27. HP: 56/238 MP: 35/43
 70888 | Abyss:3  | HP: 14/282 [daeva/divine providence (15)]
 70906 | Abyss:3  | HP: 14/309 [raiju/living lightning (9)]
 70909 | Abyss:3  | Slain by a shambling mangrove

Illustrated notes

Levels and vault maps discovered:
D:1:      dpeg_arrival_windows_large_door, layout_loops_corners
D:2:      layout_basic, chequers_ecumenical_altar_twisty,
          nicolae_dithmenos_through_a_glass_darkly
D:3:      layout_basic, nicolae_qazlal_eye_of_the_storm, first_ration,
          uniq_sigmund
D:4:      layout_basic, grunt_temple_overflow_magic_moments,
          nicolae_overflow_crystal_walls, uniq_natasha
D:5:      layout_gridville, grunt_temple_overflow_cloverleaf,
          minmay_temple_entry_hall, minivault_11
D:6:      layout_basic, fedhas_altar_decomposition
D:7:      layout_gridville, nemelex_xobeh_ov_fountains_minmay
D:8:      lemuel_ice_statue, layout_basic, basic_altar, grunt_pizzeria,
          kennysheep_generic_room_10
D:9:      layout_basic, old_standard_altar, lair_entry_dummy, david_orc_2,
          basic_altar, serial_shops, nicolae_shop_crystal
D:10:     layout_small_grid, ebering_ghost_xom
D:11:     layout_basic, enter_trove_2
D:12:     layout_basic, kennysheep_small_circle, uniq_snorg
D:13:     layout_basic, enter_bailey_3, hellmonk_ghost_happy_afterlife,
          kennysheep_small_spiral, uniq_josephine, uniq_rupert, uniq_sonja
D:14:     layout_loops_ring, grunt_vaults_entry_fortified,
          chequers_serial_rivers_micro_c, nicolae_two_hexagons,
          lemuel_nasty_fountain, uniq_frances, uniq_nessos, uniq_louise
D:15:     gammafunk_depths_entry_grave, layout_stronghold
Temple:   compressed_dpeg_triangle_lava_temple
Lair:1:   layout_roguey, nicolae_volcano_entry_batcave,
          hangedman_lair_unloving_vines
Lair:2:   layout_chaotic_city
Lair:3:   layout_roguey, skrybe_swamp_entry_bodies, spider_nest_entry_rubble,
          basic_altar, beast_lair_carwin_5, serial_bayou_shore_b,
          serial_bayou_shore_a
Lair:4:   layout_layer_cave, beast_lair_carwin_8
Lair:5:   layout_layer_cave, nicolae_lair_grove_arrangements, minivault_19,
          infiniplex_staircase_pool
Lair:6:   hangedman_lair_tendril_chambers, layout_layer_cave, slime_altar_1,
          chequers_serial_rivers_micro_b, lemuel_fruit_fields
Swamp:1:  layout_basic_swamp, evilmike_swamp_ruin_rubble_2, swamp_pool1,
          nicolae_swamp_dense_foliage, uniq_kirke
Swamp:2:  layout_basic_swamp, evilmike_swamp_ruin_wall
Swamp:3:  layout_falls_marsh, evilmike_swamp_ruin_house_1, swamp_pool1,
          uniq_roxanne
Swamp:4:  swamp_vile, layout_basic_swamp, swamp_pool3
Spider:1: layout_spider_delve, uniq_azrael, uniq_aizul, uniq_jorgrun
Spider:2: layout_spider_delve, nicolae_spider_webs_and_nodes
Spider:3: layout_spider_delve, drop_trap, nicolae_spider_circle_web,
          nicolae_spider_ant_collections
Spider:4: spider_rune_water
Orc:1:    layout_caves
Orc:2:    st_orc_ogre_mass, layout_caves, nicolae_orc_crystal_geode
Elf:1:    eino_elf_arrival_altar, layout_geoelf_octagon, serial_shops,
          nicolae_shop_crystal, minivault_28
Elf:2:    layout_geoelf_octagon, portal_ice_cave_entry_pillars_2,
          minmay_misc_feat_pillars
Elf:3:    minmay_elf_hall_not_hex, layout_geoelf_castle, serial_shops, shop,
          gammafunk_ghost_abyssal_escape, st_stairs_14
Vaults:1: nicolae_vaults_circle_grid_b, nicolae_vaults_network_star,
          st_more_cells, vaults_room_semicircle, ontoclasm_vaults_ring_large,
          grunt_vaults_twisty, ontoclasm_vaults_claustrophobia,
          layout_vaults_quadrants
Vaults:2: nicolae_vaults_little_squares_5, ontoclasm_vaults_ligature,
          blue_anna_dwarven_crypt, vaults_room_semicircle,
          vaults_mumra_minichess, ontoclasm_vaults_ring_small,
          vaults_room_boxed, hangedman_vaults_snaps, v_alt_pattern_3,
          layout_vaults_big_room, uniq_boris, uniq_saint_roka
Vaults:3: ontoclasm_vaults_gallery, vaults_dpeg_hooks, v_misc_22, v_misc_19,
          v_alt_pattern_1, vaults_mumra_lcd, hangedman_vaults_stagger,
          v_rooms_6, vaults_room_door_ring, nicolae_vaults_angled_halls,
          ontoclasm_vaults_eye, layout_vaults_ring
Vaults:4: v_pattern_5, hangedman_vaults_cutoff, vaults_room_stairs_pillars,
          hangedman_vaults_trim, hangedman_vaults_slither,
          nicolae_vaults_circle_grid_a, v_misc_13, st_lines,
          nicolae_vaults_big_ls, v_rooms_6, hangedman_vaults_impose,
          layout_vaults_maze_snakey, serial_shops, shop
Vaults:5: serial_shops
Depths:1: layout_cave_pools, lightli_too_deep, abyss_entry, ashenzari_altar_1,
          minmay_fountain_box, minmay_door_square, kennysheep_four_rooms
Depths:2: minmay_inner_zag, layout_cave_shapes, enter_ziggurat_c, special_room
          [special_room_mythical_zoo], abyss_entry, pf_coc_iceberg,
          minmay_misc_feat_more_columns, serial_shops,
          nicolae_shop_temple_entry_statues_fountains
Depths:3: evilmike_iron_armoury, layout_basic, grunt_pan_entry_sceptre,
          hell_entry, infiniplex_staircase_split_hallway
Depths:4: minmay_crescents, layout_gridlike, rand_demon_pan_entry_5,
          abyss_entry, minmay_misc_feat_columns, hell_entry,
          hangedman_summoners_spam
Depths:5: evilmike_zot_entry_basic, layout_gridlike,
          hangedman_abyss_or_decor_passed, pf_hell_entry_great_geh,
          serial_shops, nicolae_shop_stone, nicolae_shop_waterfront,
          grunt_megastairs_3
Abyss:3:  base: D:8, nicolae_abyss_rune_left_handed,
          evilmike_abyss_rune_tso_outpost, evilmike_abyss_rune_tso_outpost,
          base: D:13, evilmike_nicolae_abyss_rune_betentacled_crabyss

Skill      XL: |  1  2  3  4  5  6  7  8  9 10 11 12 13 14 15 16 17 18 19 20 21 22 23 24 25 26 27 |
---------------+----------------------------------------------------------------------------------+-----
Invocations    | 1 2 3 4 5 6 7 8 9 10 11 12 13 14 15 16 17 18 | 18.3
Long Blades    | 1 2 3 4 5 6 7 8 9 10 11 12 13 14 15 16 17 | 17.0
Axes           | 1 2 3 4 5 6 7 8 9 10 11 12 13 14 15 16 17 | 17.3
Maces & Flails | 1 2 3 4 5 6 7 8 9 10 11 12 13 14 15 16 17 | 17.0
Polearms       | 1 2 3 4 5 6 7 8 9 10 11 12 13 14 15 16 17 | 17.0
Staves         | 1 2 3 4 5 6 7 8 9 10 11 12 13 14 15 16 17 | 17.0
Slings         | 1 2 3 4 5 6 7 8 9 10 11 12 13 14 15 16 17 | 17.0
Bows           | 1 2 3 4 5 6 7 8 9 10 11 12 13 14 15 16 17 | 17.0
Crossbows      | 1 2 3 4 5 6 7 8 9 10 11 12 13 14 15 16 17 | 17.0
Throwing       | 1 2 3 4 5 6 7 8 9 10 11 12 13 14 15 16 17 | 17.0
Dodging        | 1 2 3 4 5 6 7 8 9 10 11 12 13 14 15 16 17 | 17.0
Stealth        | 1 2 3 4 5 6 7 8 9 10 11 12 13 14 15 16 17 | 17.0
Unarmed Combat | 1 2 3 4 5 6 7 8 9 10 11 12 13 14 15 16 17 | 17.0
Spellcasting   | 1 2 3 4 5 6 7 8 9 10 11 12 13 14 15 16 17 | 17.0
Evocations     | 1 2 3 4 5 6 7 8 9 10 11 12 13 14 15 16 17 | 17.0
Conjurations   | 1 2 3 4 5 6 7 8 9 10 11 12 13 14 | 14.6
Hexes          | 1 2 3 4 5 6 7 8 9 10 11 12 13 14 | 14.6
Charms         | 1 2 3 4 5 6 7 8 9 10 11 12 13 14 | 14.6
Summonings     | 1 2 3 4 5 6 7 8 9 10 11 12 13 14 | 14.6
Necromancy     | 1 2 3 4 5 6 7 8 9 10 11 12 13 14 | 14.6
Translocations | 1 2 3 4 5 6 7 8 9 10 11 12 13 14 | 14.6
Transmutations | 1 2 3 4 5 6 7 8 9 10 11 12 13 14 | 14.6
Fire Magic     | 1 2 3 4 5 6 7 8 9 10 11 12 13 14 | 14.6
Ice Magic      | 1 2 3 4 5 6 7 8 9 10 11 12 13 14 | 14.6
Air Magic      | 1 2 3 4 5 6 7 8 9 10 11 12 13 14 | 14.6
Earth Magic    | 1 2 3 4 5 6 7 8 9 10 11 12 13 14 | 14.6
Poison Magic   | 1 2 3 4 5 6 7 8 9 10 11 12 13 14 | 14.6
Short Blades   | 5 6 7 8 9 10 11 12 13 14 15 16 17 | 17.4
Fighting       | 7 8 9 10 11 12 13 14 15 16 17 | 17.9
Armour         | 7 8 9 10 11 12 13 14 15 16 17 | 17.9
Shields        | 7 8 9 10 11 12 13 14 15 16 17 | 17.9

Action                   |  1- 3 |  4- 6 |  7- 9 | 10-12 | 13-15 | 16-18 | 19-21 | 22-24 | 25-27 || total
-------------------------+-------+-------+-------+-------+-------+-------+-------+-------+-------++-------
Melee: Rapier            |    70 |   157 |   673 |  1400 |  1864 |       |       |       |       ||  4164
       Bite              |    11 |    19 |   128 |   202 |   357 |   255 |   270 |   228 |   295 ||  1765
       Demon trident     |       |       |       |       |   574 |  1850 |  1920 |  1731 |  1841 ||  7916
Throw: Javelin           |       |       |       |       |     1 |       |       |       |     2 ||     3
 Cast: Statue Form       |       |       |       |       |       |    70 |    74 |    84 |    12 ||   240
       Irradiate         |       |       |       |       |       |     4 |    13 |    13 |    26 ||    56
       Borgnjor's Vile C |       |       |       |       |       |       |     3 |    19 |    14 ||    36
       Blink             |       |       |       |       |       |       |       |     5 |     2 ||     7
       Controlled Blink  |       |       |       |       |       |       |       |       |     1 ||     1
Invok: Curse Item        |       |       |     2 |     1 |     1 |     3 |       |       |     6 ||    13
 Abil: End Transformatio |       |       |       |       |       |       |     1 |       |       ||     1
Evoke: Wand              |       |       |       |    12 |    17 |     3 |     1 |     9 |     4 ||    46
       Lightning rod     |       |       |       |       |    10 |     7 |       |       |       ||    17
       Tin of tremorston |       |       |       |       |       |       |       |     1 |     1 ||     2
       Box of beasts     |       |       |       |       |       |       |       |       |     1 ||     1
  Use: Potion            |       |     4 |       |     5 |     3 |     3 |       |     4 |     8 ||    27
       Scroll            |       |       |    11 |     4 |    16 |     8 |     3 |     4 |    17 ||    63
 Stab: Paralysed         |       |       |       |     2 |       |       |     4 |       |       ||     6
       Invisible         |       |       |       |     7 |       |     5 |       |     1 |       ||    13
       Petrified         |       |       |       |       |     2 |       |       |       |       ||     2
       Distracted        |       |       |       |       |     1 |     5 |     1 |     8 |     5 ||    20
       Sleeping          |       |       |       |       |       |    17 |    21 |    24 |     1 ||    63
       Held in net/web   |       |       |       |       |       |     3 |       |       |       ||     3
       Confused          |       |       |       |       |       |     2 |     1 |       |       ||     3
       Petrifying        |       |       |       |       |       |       |       |       |     1 ||     1
  Eat: Chunk             |     3 |     4 |    20 |    25 |    39 |    38 |    46 |    35 |     7 ||   217
       Ration            |       |       |       |     2 |     3 |     7 |     4 |     8 |     6 ||    30
Armor: Scale mail        |    17 |    52 |       |       |       |       |       |       |       ||    69
       Plate armour      |       |       |   171 |   255 |       |       |       |       |       ||   426
       Crystal plate arm |       |       |       |    25 |   513 |    24 |       |       |       ||   562
       Skin              |       |       |       |       |       |   726 |   304 |   452 |   104 ||  1586
       Robe              |       |       |       |       |       |    14 |    11 |     4 |       ||    29
       Gold dragon scale |       |       |       |       |       |       |       |       |   487 ||   487
Dodge: Dodged            |    14 |    40 |    77 |   169 |   239 |  1364 |   751 |   866 |   446 ||  3966
Block: Kite shield       |    42 |    81 |   469 |   799 |  1488 |  2284 |  1527 |  1581 |  1382 ||  9653
       Reflection        |       |     1 |    21 |    22 |    41 |    21 |    96 |   121 |    69 ||   392

Table legend:
 A = Non-vault XP
 B = Vault XP
 C = Vault XP percentage of total XP
 D = Non-vault monster count
 E = Vault monster count
 F = Vault count percentage of total count
                 A         B        C        D         E       F
            +---------+---------+-------+---------+---------+-------
      Total |  680960 |  588612 |  46.4 |    1577 |     714 |  31.2
            +---------+---------+-------+---------+---------+-------
        D:1 |       5 |       0 |   0.0 |       4 |       0 |   0.0
        D:2 |      44 |       0 |   0.0 |      13 |       0 |   0.0
        D:3 |     215 |     227 |  51.4 |      24 |       1 |   4.0
        D:4 |     580 |      35 |   5.7 |      40 |       1 |   2.4
        D:5 |    1336 |       0 |   0.0 |      35 |       0 |   0.0
        D:6 |     520 |       0 |   0.0 |      12 |       0 |   0.0
        D:7 |     418 |       0 |   0.0 |       9 |       0 |   0.0
        D:8 |     787 |     574 |  42.2 |      22 |       2 |   8.3
        D:9 |    4598 |      21 |   0.5 |      32 |       7 |  17.9
       D:10 |    2340 |    1879 |  44.5 |      17 |       2 |  10.5
       D:11 |    2310 |      45 |   1.9 |      21 |       1 |   4.5
       D:12 |    4223 |    1535 |  26.7 |      24 |       2 |   7.7
       D:13 |    8644 |    7237 |  45.6 |      35 |      13 |  27.1
       D:14 |   10109 |   12714 |  55.7 |      29 |      13 |  31.0
       D:15 |    6504 |    4121 |  38.8 |      27 |       8 |  22.9
     Lair:1 |    4651 |     591 |  11.3 |      24 |       3 |  11.1
     Lair:2 |    2797 |       0 |   0.0 |      14 |       0 |   0.0
     Lair:3 |    8077 |    1319 |  14.0 |      30 |       7 |  18.9
     Lair:4 |    5289 |    1541 |  22.6 |      15 |       8 |  34.8
     Lair:5 |    4935 |       0 |   0.0 |      23 |       0 |   0.0
     Lair:6 |    6960 |    9572 |  57.9 |      33 |      35 |  51.5
    Swamp:1 |   11352 |    2381 |  17.3 |      25 |       2 |   7.4
    Swamp:2 |   16552 |       0 |   0.0 |      45 |       0 |   0.0
    Swamp:3 |   14015 |    1985 |  12.4 |      27 |       1 |   3.6
    Swamp:4 |   18723 |   20545 |  52.3 |      47 |      28 |  37.3
   Spider:1 |   18446 |    6861 |  27.1 |      47 |       8 |  14.5
   Spider:2 |   18375 |       0 |   0.0 |      50 |       0 |   0.0
   Spider:3 |   20955 |    8076 |  27.8 |      48 |      15 |  23.8
   Spider:4 |    8341 |   20638 |  71.2 |      26 |      37 |  58.7
      Orc:1 |    2175 |    3222 |  59.7 |      23 |       7 |  23.3
      Orc:2 |    4140 |   12421 |  75.0 |      50 |      25 |  33.3
      Elf:1 |   12066 |   12019 |  49.9 |      19 |      19 |  50.0
      Elf:2 |   16828 |   21956 |  56.6 |      27 |      28 |  50.9
      Elf:3 |   16367 |   65542 |  80.0 |      28 |      48 |  63.2
   Vaults:1 |   13086 |   16893 |  56.3 |      31 |      22 |  41.5
   Vaults:2 |   32340 |   28378 |  46.7 |      44 |      38 |  46.3
   Vaults:3 |   47184 |   11877 |  20.1 |      83 |      16 |  16.2
   Vaults:4 |   28300 |   51282 |  64.4 |      40 |      57 |  58.8
   Vaults:5 |   32292 |  111869 |  77.6 |      52 |      80 |  60.6
   Depths:1 |   32176 |    9936 |  23.6 |      44 |       8 |  15.4
   Depths:2 |   27427 |   29100 |  51.5 |      40 |      32 |  44.4
   Depths:3 |   22528 |   22178 |  49.6 |      23 |      33 |  58.9
   Depths:4 |   50544 |   43033 |  46.0 |      48 |      33 |  40.7
   Depths:5 |   47174 |   18143 |  27.8 |      36 |      19 |  34.5
    Abyss:1 |   31924 |     791 |   2.4 |      38 |       1 |   2.6
    Abyss:2 |   14524 |       0 |   0.0 |      37 |       0 |   0.0
    Abyss:3 |   47784 |   13238 |  21.7 |     116 |       9 |   7.2
     Bailey |       0 |    2259 | 100.0 |       0 |      11 | 100.0
      IceCv |       0 |    8063 | 100.0 |       0 |      22 | 100.0
    Volcano |       0 |    4515 | 100.0 |       0 |      12 | 100.0
            +---------+---------+-------+---------+---------+-------
